 Dungeon Crawl Stone Soup version 0.29.1-1-gd02db6906a (webtiles) character file.

Game seed: 7109684833734557666

352 RogueRain17 the Conjurer (level 6, -8/45 HPs)
             Began as a Demigod Conjurer on Sept 28, 2022.
             Mangled by Edmund
             ... wielding a +6 vorpal dire flail
              (19 damage)
             ... on level 4 of the Dungeon.
             The game lasted 00:07:29 (3849 turns).

RogueRain17 the Conjurer (Demigod Conjurer)         Turns: 3849, Time: 00:07:30

Health: -8/45      AC:  2    Str:  8    XL:     6   Next: 12%
Magic:  10/11      EV: 12    Int: 28    God:
Gold:   240        SH:  0    Dex: 12    Spells: 2/8 levels left

rFire   . . .      SeeInvis .   (no weapon)
rCold   . . .      Faith    .   (no shield)
rNeg    . . .      Spirit   .   a - +0 robe
rPois   .          Reflect  .   (no helmet)
rElec   .          Harm     +   s - scarf {harm}
rCorr   .          Rampage  .   (no gloves)
Will    .....                   (no boots)
Stlth   ++........              f - amulet of magic regeneration
HPRegen 0.15/turn               (no ring)
MPRegen 0.52/turn               (no ring)

@: no status effects
A: high MP 1, forlorn, divine attributes
a: no special abilities


You were on level 4 of the Dungeon.
You visited 2 branches of the dungeon, and saw 5 of its levels.

You collected 240 gold pieces.

Inventory:

Armour
 a - a +0 robe (worn)
 s - a scarf of harm (worn)
Magical Staves
 m - a staff of fire
Jewellery
 f - an amulet of magic regeneration (around neck)
 u - a ring of willpower
Wands
 v - a wand of paralysis (3)
Scrolls
 c - 4 scrolls of immolation
 d - 6 scrolls of fog {unknown}
 g - 2 scrolls of magic mapping {unknown}
 i - 2 scrolls of torment {unknown}
 k - 5 scrolls of teleportation {unknown}
 l - a scroll of vulnerability {unknown}
 r - a scroll of enchant weapon {unknown}
 x - a scroll of fear {unknown}
 y - a scroll of noise {unknown}
Potions
 b - a potion of magic
 e - 2 potions of heal wounds {unknown}
 h - a potion of berserk rage {unknown}
 j - a potion of brilliance {unknown}
 n - 5 potions of curing {unknown}
 o - a potion of mutation {unknown}
 p - a potion of might {unknown}
 q - a potion of ambrosia {unknown}
 t - 2 potions of degeneration {unknown}
 w - 2 potions of lignification {unknown}
 z - a potion of haste {unknown}


   Skills:
 - Level 1.7 Dodging
 - Level 1.7 Stealth
 - Level 1.7 Spellcasting
 + Level 7.0 Conjurations


You had 2 spell levels left.
You knew the following spells:

 Your Spells              Type           Power      Damage    Failure   Level
a - Magic Dart            Conj           100%       1d8       1%          1
b - Searing Ray           Conj           84%        2d7       1%          2
c - Dazzling Flash        Conj/Hex       44%        N/A       7%          3

Your spell library contained the following spells:

 Spells                   Type           Power      Damage    Failure   Level
 Sublimation of Blood     Necr           2%         N/A       14%         2
 Wereblood                Tmut           2%         N/A       14%         2
 Fulminant Prism          Conj/Hex       11%        3d9       22%         4
 Iskenderun's Mystic Bla  Conj/Tloc      22%        2d6       22%         4
 Summon Lightning Spire   Summ/Air       2%         N/A       67%         4
 Storm Form               Tmut/Air       1%         N/A       100%        7
 Summon Hydra             Summ           1%         N/A       100%        7
 Maxwell's Capacitive Co  Air            1%         ∞         100%        8


Dungeon Overview and Level Annotations

Branches:
Dungeon (4/15)             Temple (1/1) D:4

Shops:
D:1 (   D:4 =

Annotations:
D:4 1 runed translucent door, Du3lingdragon's ghost, amateur MfMo; Edmund


Innate Abilities, Weirdness & Mutations

You have an increased reservoir of magic. (+10% MP)
You shall have no god before yourself.
Your divine heritage dramatically boosts your attributes as you level up.


Message History

w - 2 metallic sapphire potions (gained 1)
z - a fizzy ruby potion Edmund is nearby!
The magic dart hits Edmund.
Edmund is lightly wounded.
Edmund shouts!
The magic dart hits Edmund but does no damage.
Edmund is lightly wounded.
Casting: Magic Dart (safe; 1% risk of failure)
Confirm with . or Enter, or press ? or * to list all spells.
Aiming: Searing Ray (safe; 1% risk of failure)
Press: ? - help, Shift-Dir - straight line, f/p - Edmund
Aim: Edmund, wielding a +6 vorpal dire flail and wearing a +0 scale mail (lightly wounded, 84% to hit)
The searing ray hits Edmund.
Edmund is moderately wounded. (Press . to maintain the ray.)
The searing ray hits Edmund.
Edmund is heavily wounded.
The searing ray hits Edmund.
Edmund is heavily wounded.
The searing ray hits Edmund!
Edmund is severely wounded.
You finish channelling your searing ray.
Edmund hits you with a +6 vorpal dire flail!
Edmund hits you with a +6 vorpal dire flail.
* * * LOW HITPOINT WARNING * * *
x2
Aiming: Paralyse
Press: ? - help, Shift-Dir - straight line, f/p - Edmund
Aim: Edmund, wielding a +6 vorpal dire flail and wearing a +0 scale mail (severely wounded, chance to affect: 49%) Edmund resists with some effort.
Edmund misses you.
Aiming: Paralyse
Press: ? - help, Shift-Dir - straight line, f/p - Edmund
Aim: Edmund, wielding a +6 vorpal dire flail and wearing a +0 scale mail (severely wounded, chance to affect: 49%) Edmund resists with some effort.
Edmund closely misses you.
Aiming: Paralyse
Press: ? - help, Shift-Dir - straight line, f/p - Edmund
Aim: Edmund, wielding a +6 vorpal dire flail and wearing a +0 scale mail (severely wounded, chance to affect: 49%) Edmund resists with some effort.
Edmund hits you with a +6 vorpal dire flail!
You die...

.....## ##..........#
#.### ....##
##...........# ###
....# #........b...#
....# #............#
....# ##...........#
<...# ##.........##
....### ###.......#
......########.....#
...........####.@.##
................@##
.................#
.............###.##
...............##.#
................#.##
...................#
...................##
##..............>.#.##


You could see Edmund.

Vanquished Creatures
  A scorpion (D:4)
  A jelly (D:4)
  2 hounds (D:4)
  3 orc wizards (D:4)
  5 adders
  2 worms (D:3)
  A dart slug (D:1)
  An orc (D:3)
  4 ball pythons
  7 endoplasms
  4 giant cockroaches
  5 hobgoblins
  6 jackals
  8 kobolds
  4 quokkas
  4 bats
  3 frilled lizards
  10 goblins
  7 rats
78 creatures vanquished.

Notes
Turn   | Place    | Note
-------+----------+-------------------------------------------
     0 | D:1      | RogueRain17 the Demigod Conjurer began the quest for the
                  | Orb.
     0 | D:1      | Reached XP level 1. HP: 14/14 MP: 5/5
   321 | D:1      | Reached skill level 4 in Conjurations
   385 | D:1      | Reached XP level 2. HP: 20/20 MP: 2/7
   595 | D:1      | Found Lohut's Antique Weapon Shoppe.
  1177 | D:2      | Reached XP level 3. HP: 26/26 MP: 6/8
  1502 | D:2      | Reached skill level 5 in Conjurations
  2390 | D:3      | Reached XP level 4. HP: 28/33 MP: 6/9
  2881 | D:4      | Noticed Edmund
  3139 | D:4      | Reached skill level 6 in Conjurations
  3139 | D:4      | Reached XP level 5. HP: 38/38 MP: 6/10
  3258 | D:4      | Found Wimuwn's Jewellery Shop.
  3431 | D:3      | Learned a level 2 spell: Searing Ray
  3530 | D:4      | Found a staircase to the Ecumenical Temple.
  3549 | Temple   | Entered the Ecumenical Temple
  3592 | D:4      | Reached XP level 6. HP: 45/45 MP: 6/11
  3596 | D:4      | Learned a level 3 spell: Dazzling Flash
  3609 | D:4      | Reached skill level 7 in Conjurations
  3620 | D:4      | Found a runed translucent door.
  3622 | D:4      | Noticed Du3lingdragon's ghost (amateur MfMo)
  3849 | D:4      | Mangled by Edmund

Illustrated notes

Levels and vault maps discovered:
D:1:      lemuel_arrival_behind_the_door_small, layout_basic, serial_shops,
          shop, hellmonk_ecumenical_altar_blasted, hangedman_glass_teeth
D:2:      layout_loops_cross, basic_altar, minmay_unequal
D:3:      layout_loops_ring, evilmike_ruin_ashenzari,
          mainiacjoe_overflow_concentric_impassable
D:4:      layout_cave_pods, minmay_temple_entry_butterflies,
          gammafunk_ghost_grave, serial_shops, nicolae_diamond_shop, uniq_edmund
Temple:   minmay_freezing_vapour_temple

Skill      XL: |  1  2  3  4  5  6 |
---------------+-------------------+-----
Conjurations   | 4 5 6 7 |  7.0
Dodging        | |  1.7
Stealth        | |  1.7
Spellcasting   | |  1.7

Action                   |  1- 3 |  4- 6 || total
-------------------------+-------+-------++-------
 Cast: Magic Dart        |   109 |    85 ||   194
       Searing Ray       |       |     2 ||     2
Evoke: Wand              |       |     5 ||     5
Armor: Robe              |     2 |       ||     2
Dodge: Dodged            |     8 |     7 ||    15
